 Dungeon Crawl Stone Soup version 0.17-a0-2127-g1cb09f6 (webtiles) character file.

63660 Duffy the Grappler (level 14, 136/136 HPs)
             Began as a Troll Fighter on Oct 22, 2015.
             Was the Champion of Cheibriados.
             Quit the game on level 6 of the Lair of Beasts.
             The game lasted 00:40:05 (20191 turns).

Duffy the Grappler (Troll Fighter)                 Turns: 20191, Time: 00:40:05

Health: 136/136    AC: 13    Str: 44    XL:     14   Next: 68%
Magic:  19/19      EV: 20    Int: 20    God:    Cheibriados [******]
Gold:   1564       SH: 23    Dex: 34    Spells: 0 memorised, 13 levels left

rFire  x . .     SeeInvis +       - Unarmed
rCold  + . .     Clarity  +     z - +2 robe {MR+}
rNeg   . . .     SustAt   .     O - +0 large shield of the Fisher {rF- rC+ Regen+ Dex+6}
rPois  .         Gourm    +     I - +2 hat
rElec  .         Spirit   .     C - +0 cloak of Wonder {+Fly Dex+3}
rCorr  .         Warding  .     (gloves unavailable)
rMut   .         Stasis   .     (boots unavailable)
MR     ++...                    D - amulet of clarity
Stlth  +++.......               P - +3 ring of protection
                                Y - ring of see invisible

@: very slow, very resistant to hostile enchantments, fairly stealthy
A: unfitting armour, claws 3, fast metabolism 3, gourmand, regeneration 2,
shaggy fur 1, tough skin 2
a: Bend Time, Temporal Distortion, Slouch, Step From Time, Renounce Religion,
Evoke Flight


You were on level 6 of the Lair of Beasts.
You worshipped Cheibriados.
Cheibriados was exalted by your worship.
You were very full.

You visited 3 branches of the dungeon, and saw 20 of its levels.
You also visited: Ossuary, Bailey, Ice Cave and Volcano.

You collected 1594 gold pieces.
You spent 30 gold pieces at shops.


Innate Abilities, Weirdness & Mutations

You are too large for most types of armour.
You have claws for hands.
Your metabolism is lightning-fast.
You like to eat raw meat.
You heal very quickly.
You are covered in fur (AC +1).
You have very tough skin (AC +2).


   Skills:
 - Level 8.0 Fighting
 - Level 8.2 Throwing
 - Level 10.0 Dodging
 - Level 9.2 Shields
 + Level 14.2 Unarmed Combat
 - Level 9.2 Invocations


You had 13 spell levels left.
You didn't know any spells.

Inventory:

Hand Weapons
 E - a +1 blowgun
Missiles
 w - 77 poisoned needles
 V - 2 javelins (quivered)
Armour
 b - a +0 shield
 z - a +2 robe of magic resistance (worn)
 C - the +0 cloak of Wonder (worn) {+Fly Dex+3}

   It affects your dexterity (+3).
   It lets you fly.
 I - a +2 hat (worn)
 J - a +1 large shield of protection
 O - the +0 large shield of the Fisher (worn) {rF- rC+ Regen+ Dex+6}

   It affects your dexterity (+6).
   It makes you vulnerable to fire.
   It protects you from cold.
   It increases your rate of regeneration.
 S - a +1 cloak
Jewellery
 e - an uncursed ring of ice
 f - an uncursed ring of fire
 n - an uncursed ring of ice
 q - an uncursed amulet of stasis
 D - an amulet of clarity (around neck)
 P - a +3 ring of protection (right claw)
 T - an uncursed ring of teleportation
 Y - a ring of see invisible (left claw)
Wands
 a - a wand of cold (9)
 h - a wand of cold (5)
 l - a wand of digging (17)
 F - a wand of cold (6)
 Q - a wand of disintegration (18)
 W - a wand of fire (8)
Scrolls
 g - 3 scrolls of teleportation
 k - 4 scrolls of magic mapping
 o - 3 scrolls of fog
 p - 2 scrolls of summoning
 r - 5 scrolls of enchant armour
 s - 2 scrolls of holy word
 y - a scroll of fear
 A - 11 scrolls of remove curse
 B - 2 scrolls of blinking
Potions
 c - 2 potions of might
 i - 2 potions of invisibility
 j - 7 potions of curing
 m - 10 potions of agility
 t - 3 potions of lignification
 v - a potion of resistance
 G - 3 potions of magic
 K - 2 potions of brilliance
 M - 2 potions of flight
 N - a potion of mutation {unknown}
 X - 4 potions of heal wounds
 Z - a potion of cancellation
Comestibles
 d - 15 bread rations
 u - 11 beef jerkies
 x - 8 meat rations
 H - 16 fruits
 L - 8 royal jellies
 R - 8 slices of pizza

Dungeon Overview and Level Annotations

Branches:
Dungeon (13/15)            Temple (1/1) D:7            Lair (6/8) D:8
  Swamp (0/4) Lair:4       Spider (0/4) Lair:6        Slime (0/6) Lair:6
    Orc (0/4) D:10
 Vaults: D:13-14

Altars:
Ashenzari
Cheibriados
Dithmenos
Elyvilon
Fedhas
Gozag
Kikubaaqudgha
Makhleb
Nemelex Xobeh
Okawaru
Qazlal
Ru
Sif Muna
Trog
Vehumet
Xom
Yredelemnul
Zin
The Shining One

Shops:
D:11 =

Annotations:
D:5 Duvessa


Message History

You drop 2 throwing nets.
You drop 41 tomahawks of returning.
You see here a runed large shield.
You see here a twisted cloak.
C - a twisted cloak Wear which item? (? for menu, Esc to quit)
You can't wear that.
Wear which item? (? for menu, Esc to quit)
You start removing your armour.
You continue taking off your +1 cloak.
You continue taking off your +1 cloak. x3
You finish taking off your +1 cloak.
You start putting on your armour.
You continue putting on your twisted cloak. x5
You finish putting on the +0 cloak of Wonder {+Fly Dex+3}.
You see here a runed large shield.
J - a runed large shield Wear which item? (? for menu, Esc to quit)
You start removing your armour.
You continue taking off your +0 shield.
You continue taking off your +0 shield. x3
You finish taking off your +0 shield.
You start putting on your armour.
You continue putting on your runed large shield. x5
You finish putting on your +1 large shield of protection.
You feel protected.
You see here a brightly glowing large shield.
O - a brightly glowing large shield Wear which item? (? for menu, Esc to quit)
You start removing your armour.
You continue taking off your +1 large shield of protection. x4
You finish taking off your +1 large shield of protection.
You feel less protected.
You start putting on your armour.
You continue putting on your brightly glowing large shield. x5
You finish putting on the +0 large shield of the Fisher {rF- rC+ Regen+ Dex+6}.
Are you sure you want to abandon this character and quit the game? (Confirm with "yes".)

## ##. #.. ### #.P #
###########.#####.#
#.#...P...##...PP##..
##..@................
#...(.P.##...#PP...##
#..##############..#
##. ##...# # ##....#
#....## #...## #...##
##...#


There were no monsters in sight!

Action                   |  1- 3 |  4- 6 |  7- 9 | 10-12 | 13-15 || total
-------------------------+-------+-------+-------+-------+-------++-------
Melee: Unarmed           |   128 |    93 |   442 |   657 |  1011 ||  2331
Throw: Tomahawk          |       |       |       |       |    27 ||    27
       Javelin           |       |       |       |       |     2 ||     2
Invok: Slouch            |       |       |       |       |     2 ||     2
Evoke: Wand              |       |       |     1 |       |       ||     1
  Use: Scroll            |       |       |    14 |    11 |    19 ||    44
       Potion            |       |       |       |     2 |     1 ||     3
 Stab: Sleeping          |     1 |       |       |     3 |     6 ||    10
       Distracted        |       |       |       |     1 |     4 ||     5
  Eat: Chunk             |    14 |    11 |    38 |    40 |    56 ||   159

Notes
Turn   | Place    | Note
--------------------------------------------------------------
     0 | D:1      | Duffy the Troll Fighter began the quest for the Orb.
     0 | D:1      | Reached XP level 1. HP: 22/22 MP: 0/0
   151 | D:1      | Reached XP level 2. HP: 29/29 MP: 1/1
   239 | D:1      | Reached skill level 3 in Unarmed Combat
   463 | D:2      | Reached XP level 3. HP: 36/36 MP: 2/2
   534 | D:2      | Found a white marble altar of Elyvilon.
   754 | D:2      | Reached skill level 4 in Unarmed Combat
   961 | D:3      | Reached XP level 4. HP: 44/44 MP: 3/3
  1329 | D:3      | Reached skill level 5 in Unarmed Combat
  1543 | D:4      | Noticed Sigmund
  1566 | D:4      | Killed Sigmund
  1566 | D:4      | Reached skill level 6 in Unarmed Combat
  1566 | D:4      | Reached XP level 5. HP: 22/50 MP: 4/4
  1566 | D:4      | Reached XP level 6. HP: 25/59 MP: 5/5
  1795 | D:4      | Reached skill level 7 in Unarmed Combat
  2010 | D:4      | Noticed an ogre
  2019 | D:4      | Killed an ogre
  2104 | D:4      | Found a large runed door.
  2105 | D:4      | Found a large runed door.
  2119 | D:4      | Reached XP level 7. HP: 64/66 MP: 6/6
  2168 | D:4      | Reached skill level 8 in Unarmed Combat
  2204 | D:4      | Found a large runed door.
  2204 | D:4      | Found a large runed door.
  2235 | D:4      | Noticed a crocodile
  2247 | D:4      | Killed a crocodile
  2665 | D:5      | Entered Level 5 of the Dungeon
  2678 | D:5      | Found an ancient bone altar of Kikubaaqudgha.
  2834 | D:5      | Reached skill level 9 in Unarmed Combat
  3118 | D:5      | Noticed Duvessa
  3289 | D:6      | Noticed emiel's ghost (weakling OgFi)
  3332 | D:6      | Reached XP level 8. HP: 65/74 MP: 7/7
  3335 | D:6      | Killed emiel's ghost
  3512 | D:6      | Found a sand-covered staircase.
  3520 | D:6      | Reached skill level 10 in Unarmed Combat
  3527 | Ossuary  | Entered an ossuary
  3545 | Ossuary  | Noticed emiel's ghost (amateur FoGl)
  3562 | Ossuary  | Killed emiel's ghost
  3788 | Ossuary  | Reached skill level 11 in Unarmed Combat
  4200 | D:6      | Noticed Edmund
  4210 | D:6      | Killed Edmund
  4215 | D:6      | Reached XP level 9. HP: 80/80 MP: 8/8
  4720 | D:5      | Noticed Dowan
  4732 | D:5      | Killed Dowan
  4824 | D:6      | Reached skill level 12 in Unarmed Combat
  4919 | D:7      | Found a staircase to the Ecumenical Temple.
  4934 | Temple   | Entered the Ecumenical Temple
  5028 | Temple   | Became a worshipper of Cheibriados the Contemplative
  5459 | D:7      | Reached skill level 3 in Fighting
  5459 | D:7      | Reached skill level 3 in Dodging
  5467 | D:7      | Reached * piety under Cheibriados
  5542 | D:7      | Reached skill level 3 in Shields
  6201 | D:8      | Found a shattered altar of Ashenzari.
  6202 | D:8      | Found a shimmering altar of Xom.
  6331 | D:8      | Reached XP level 10. HP: 78/92 MP: 9/9
  6333 | D:8      | Reached ** piety under Cheibriados
  6515 | D:8      | Found a staircase to the Lair.
  6759 | D:8      | Reached skill level 4 in Fighting
  7010 | D:8      | Reached skill level 4 in Shields
  7245 | D:9      | Reached skill level 4 in Dodging
  7573 | D:9      | Reached *** piety under Cheibriados
  7867 | D:9      | Reached skill level 5 in Fighting
  8039 | D:9      | Found a sparkling altar of Nemelex Xobeh.
  8124 | D:10     | Entered Level 10 of the Dungeon
  8155 | D:10     | Reached skill level 5 in Shields
  8166 | D:10     | Reached skill level 5 in Dodging
  8388 | D:10     | Reached **** piety under Cheibriados
  8465 | D:10     | Found a staircase to the Orcish Mines.
  8580 | D:10     | Reached ***** piety under Cheibriados
  8720 | D:10     | Killed an unseen horror
  8720 | D:10     | Reached XP level 11. HP: 83/105 MP: 10/10
  8760 | D:10     | Found a burning altar of Makhleb.
  8836 | D:10     | Reached skill level 6 in Fighting
  8913 | D:10     | Reached skill level 6 in Dodging
  8935 | D:10     | Reached skill level 6 in Shields
  9146 | D:10     | Found an iron altar of Okawaru.
  9162 | D:10     | Found a blossoming altar of Fedhas.
  9525 | D:11     | Noticed a hill giant
  9533 | D:11     | Killed a hill giant
  9623 | D:11     | Reached skill level 7 in Shields
  9629 | D:11     | Reached skill level 7 in Dodging
  9737 | D:11     | Found a flagged portal.
  9750 | Bailey   | Entered a bailey
 10120 | D:11     | Reached ****** piety under Cheibriados
 10271 | D:11     | Killed an unseen horror
 10271 | D:11     | Reached skill level 8 in Shields
 10323 | D:11     | Found Pyithrou's Jewellery Shoppe.
 10326 | D:11     | Noticed a hill giant
 10330 | D:11     | Killed a hill giant
 10373 | D:11     | Bought a cursed amulet of inaccuracy for 30 gold pieces
 10641 | D:12     | Noticed 4thArraOfDagon's ghost (novice NaMo)
 10650 | D:12     | Killed 4thArraOfDagon's ghost
 10650 | D:12     | Reached skill level 9 in Shields
 10650 | D:12     | Reached XP level 12. HP: 92/114 MP: 11/11
 10764 | D:12     | Noticed Rupert
 10782 | D:12     | Noticed Nessos
 10930 | D:12     | Killed Rupert
 10930 | D:12     | Reached skill level 4 in Invocations
 11118 | D:12     | Killed Nessos
 11118 | D:12     | Reached skill level 5 in Invocations
 11263 | D:12     | Reached skill level 6 in Invocations
 11666 | D:12     | Reached skill level 7 in Invocations
 11753 | D:12     | Reached skill level 8 in Invocations
 11952 | D:13     | Reached skill level 9 in Invocations
 12095 | D:13     | Reached XP level 13. HP: 120/120 MP: 18/18
 12144 | D:13     | Reached skill level 1 in Throwing
 12174 | D:13     | Reached skill level 8 in Dodging
 12380 | D:13     | Reached skill level 2 in Throwing
 12639 | D:13     | Reached skill level 3 in Throwing
 12964 | Lair:1   | Entered Level 1 of the Lair of Beasts
 13498 | Lair:1   | Reached skill level 4 in Throwing
 14166 | Lair:2   | Noticed emiel's ghost (novice OgFi)
 14176 | Lair:2   | Killed emiel's ghost
 14176 | Lair:2   | Reached skill level 9 in Dodging
 14218 | Lair:2   | Reached skill level 5 in Throwing
 14833 | Lair:2   | Reached skill level 6 in Throwing
 15053 | Lair:3   | Identified the Catalogue of Good Luck (You found it on level 3 of the Lair of Beasts)
 15246 | Lair:3   | Found a frozen archway.
 15282 | IceCv    | Entered an ice cave
 15519 | IceCv    | Reached skill level 10 in Dodging
 15596 | IceCv    | Reached skill level 7 in Throwing
 15632 | IceCv    | Found an ancient bone altar of Kikubaaqudgha.
 16160 | IceCv    | Reached XP level 14. HP: 131/131 MP: 19/19
 17151 | Lair:4   | Found a staircase to the Swamp.
 17154 | Lair:4   | Reached skill level 8 in Throwing
 17210 | Lair:4   | Reached skill level 7 in Fighting
 17599 | Lair:4   | Reached skill level 13 in Unarmed Combat
 18087 | Lair:4   | Reached skill level 8 in Fighting
 18359 | Lair:5   | Found a dark tunnel.
 18366 | Volcano  | Entered a volcano
 18617 | Volcano  | Found a burning altar of Makhleb.
 19387 | Lair:5   | Reached skill level 14 in Unarmed Combat
 19680 | Lair:6   | Found a hole to the Spider Nest.
 20013 | Lair:6   | Found a staircase to the Slime Pits.
 20156 | Lair:6   | Got a twisted cloak
 20167 | Lair:6   | Identified the +0 cloak of Wonder {+Fly Dex+3} (You acquired it on level 6 of the Lair of Beasts)
 20180 | Lair:6   | Got a brightly glowing large shield
 20191 | Lair:6   | Identified the +0 large shield of the Fisher {rF- rC+ Regen+ Dex+6} (You acquired it on level 6 of the Lair of Beasts)
 20191 | Lair:6   | Quit the game

Vault maps used:
D:1:      dpeg_arrival_rhombus
D:2:      overflow_temple_1_default
D:3:      due_unseen_surprise
D:4:      first_bread, minmay_hollow_rounded_squares, uniq_sigmund
D:5:      kennysheep_little_box, hangedman_glass_teeth, uniq_duvessa
D:6:      enter_ossuary_3, grunt_ministairs_15, uniq_edmund
D:7:      minmay_temple_entry_glass, serial_curves, eino_curves_03,
          eino_curves_01
D:8:      gammafunk_temple_overflow_pools
D:9:      lemuel_coloured_pillars_altar
D:10:     wad_woods_stonehenge, hiddenorc2_lemuel, basic_altar, fedhas_altar_3
D:11:     serial_shops, nicolae_shop_waterfront, enter_bailey_3, grunt_ogre_cave
D:12:     uniq_rupert, uniq_nessos
D:13:     hangedman_aviary
Temple:   water_room_temple_a_12
Lair:1:   minivault_19, beast_lair_carwin_1
Lair:2:   serial_bayou_shore_b
Lair:3:   portal_ice_cave_entry_ice_beasts
Lair:4:   nicolae_swamp_entry_splash_gauntlet, special_room,
          beast_lair_carwin_3, grunt_megastairs_4
Lair:5:   kennysheep_rathole, enter_volcano_1, beast_lair_carwin_11
Lair:6:   dummy_spider_entry, slime_dummy
Ossuary:  minmay_ossuary_two_tombs
Bailey:   bailey_axe_1, bailey
IceCv:    ice_cave_small_necro
Volcano:  volcano_lake

Vanquished Creatures
  Rupert Nessos
  The ghost of emiel the Bludgeoner, a novice OgFi of Trog
  2 hydras
  The ghost of 4thArraOfDagon the Covert, a novice NaMo of Cheibriados
  A death yak
  4 tengu warriors
  2 unseen horrors
  An orc knight
  An ice statue
  A necromancer
  4 hill giants
  3 cyclopes
  4 harpies
  An orc sorcerer
  5 elephants
  4 ugly things
  A manticore
  2 molten gargoyles
  2 centaur skeletons
  3 black mambas
  10 spiny frogs
  9 komodo dragons
  2 fire drakes
  5 polar bears
  A queen bee
  10 freezing wraiths
  A troll
  10 blink frogs
  A wolf spider simulacrum
  A trapdoor spider
  2 deep elf magi Sigmund
  17 hippogriffs
  2 wyverns
  3 basilisks
  2 hungry ghosts
  9 wolves
  A fire bat
  A vampire mosquito
  A death yak simulacrum
  The ghost of emiel the Chopper, an amateur FoGl
  6 swamp worms
  52 yaks Edmund
  12 porcupines
  6 water moccasins
  16 orc warriors
  17 ice beasts
  2 sky beasts
  2 black bears
  9 centaurs
  4 ogres
  2 phantoms
  A wasp
  An eye of draining
  25 crocodiles
  A necrophage
  3 big kobolds
  2 elf zombies
  2 wyvern zombies
  20 giant frogs
  The ghost of emiel the Cudgeler, a weakling OgFi Dowan
  A water moccasin skeleton
  8 scorpions
  An electric eel
  29 killer bees
  A swamp dragon simulacrum
  4 crimson imps
  2 giant frog zombies
  5 centaur zombies
  7 hounds
  3 jellies
  2 lava snakes
  3 draconian simulacra
  2 human zombies
  2 giant frog skeletons
  9 orc priests
  8 orc wizards
  2 hell rats
  11 worker ants
  6 spriggan simulacra
  11 iguanas
  A polar bear simulacrum
  7 troll simulacra
  A killer bee zombie
  25 sheep
  2 big kobold zombies
  A centaur simulacrum
  A hound zombie
  3 hound skeletons
  3 mummies
  A worker ant zombie
  A naga simulacrum
  10 adders
  5 gnolls
  46 river rats
  2 ogre simulacra
  A shadow imp
  12 white imps
  An ooze
  7 adder zombies
  4 worms
  4 giant geckos
  62 orcs
  3 gnoll zombies
  14 goblins
  8 hobgoblins
  4 quokkas
  2 ball pythons
  6 bats
  7 giant cockroaches
  6 giant newts
  5 goblin zombies
  2 hobgoblin zombies
  3 jackal zombies
  24 kobolds
  3 kobold zombies
  2 quokka zombies
  11 rats
  7 rat zombies
  8 fungi
  6 plants
759 creatures vanquished.
